 Dungeon Crawl Stone Soup version 0.24.0-37-gcf1ca852f1 (webtiles) character file.

Game seed: 9018858661024234622, levelgen mode: deterministic

18621 Mesmaeker13 the Destroyer (level 12, -24/72 HPs)
             Began as a Red Draconian Conjurer on Dec 2, 2019.
             Was a Priest of Hepliaklqana.
             Annihilated by a spiny frog (29 damage)
             ... on level 4 of the Lair of Beasts.
             The game lasted 00:34:50 (16878 turns).

Mesmaeker13 the Destroyer (Red Draconian Conjurer) Turns: 16878, Time: 00:34:51

Health: -24/72     AC: 13    Str: 17    XL:     12   Next: 29%
Magic:  25/31      EV: 19    Int: 19    God:    Hepliaklqana [***...]
Gold:   970        SH:  0    Dex: 15    Spells: 11/25 levels left

rFire    + + +     SeeInvis .   Q - +6 hand axe "Apheot" {holy, rF+ Dex+3}
rCold    . . .     Gourm    .   I - +0 buckler
rNeg     + . .     Faith    .   (armour unavailable)
rPois    .         Spirit   .   m - +2 hat
rElec    .         Reflect  .   n - +0 cloak "Taukour" {+Fly rN+}
rCorr    .         Harm     .   t - +0 pair of gloves
MR       .....                  M - +0 pair of boots
Stlth    +.........             (no amulet)
HPRegen  0.22/turn              g - ring of magical power
MPRegen  0.22/turn              E - ring of protection from fire

@: confused, mighty, lethally poisoned (-24 -> -84), sleeping
A: breathe fire, unfitting armour, reduced essence, fire resistance 1,
cold-blooded, AC +8
a: Breathe Fire, Recall Ancestor, Ancestor Identity, Transference, Renounce
Religion, Evoke Flight


You were on level 4 of the Lair of Beasts.
You worshipped Hepliaklqana.
Hepliaklqana was most pleased with you.
You were hungry.

You visited 3 branches of the dungeon, and saw 15 of its levels.

You collected 970 gold pieces.

Inventory:

Hand Weapons
 Q - the +6 hand axe "Apheot" (weapon) {holy, rF+ Dex+3}
   (You found it on level 1 of the Lair of Beasts)

   It has been blessed by the Shining One to cause great damage to the undead
   and demons.
   It affects your dexterity (+3).
   It protects you from fire.
Missiles
 e - a throwing net
 K - 31 poisoned darts (quivered)
Armour
 m - a +2 hat (worn)
 n - the +0 cloak "Taukour" (worn) {+Fly rN+}
   (You found it on level 1 of the Lair of Beasts)

   It protects you from negative energy.
   It lets you fly.
 t - a +0 pair of gloves (worn)
 y - a +0 shield
 I - a +0 buckler (worn)
 M - a +0 pair of boots (worn)
Jewellery
 g - a ring of magical power (left hand)
 E - a ring of protection from fire (right hand)
 L - an uncursed ring of flight
Wands
 x - a wand of scattershot (1)
 A - a wand of paralysis (22)
 N - a wand of disintegration (7)
 O - a wand of clouds (1)
Scrolls
 a - 2 scrolls of enchant weapon
 c - 5 scrolls of magic mapping
 f - a scroll of enchant armour {unknown}
 i - 4 scrolls of teleportation
 o - 4 scrolls of blinking
 p - 2 scrolls of acquirement {unknown}
 q - a scroll of fog {unknown}
 r - 3 scrolls of fear
 s - 7 scrolls of remove curse
 w - a scroll of immolation {unknown}
 C - 2 scrolls of random uselessness {unknown}
 H - 2 scrolls of torment {unknown}
Potions
 d - 4 potions of might
 h - 2 potions of flight
 k - a potion of ambrosia
 l - a potion of haste
 z - a potion of resistance {unknown}
 B - 5 potions of magic
 D - a potion of invisibility {unknown}
 P - a potion of degeneration {unknown}
Miscellaneous
 j - a crystal ball of energy
Comestibles
 b - 12 rations


   Skills:
 + Level 10.2 Dodging
 - Level 1.7 Stealth
 - Level 4.0 Shields
 - Level 7.0 Spellcasting
 + Level 11.5 Conjurations
 + Level 9.6 Hexes
 + Level 1.8 Fire Magic


You had 11 spell levels left.
You knew the following spells:

 Your Spells              Type           Power        Failure   Level  Hunger
a - Magic Dart            Conj           ####         1%          1    None
b - Searing Ray           Conj           ######       1%          2    None
c - Dazzling Spray        Conj/Hex       #####.       1%          3    #......
d - Fulminant Prism       Conj/Hex       #####.....   1%          4    ###....
e - Sticky Flame          Conj/Fire      ####....     6%          4    ###....

Your spell library contained the following spells:

 Spells                   Type           Power        Failure   Level  Hunger
 Confusing Touch          Hex            #####.       1%          1    None
 Flame Tongue             Conj/Fire      ####.        1%          1    None
 Throw Flame              Conj/Fire      ####..       1%          2    None
 Conjure Flame            Conj/Fire      ####....     1%          3    #......
 Iskenderun's Mystic Bla  Conj           ######..     1%          4    ###....
 Inner Flame              Hex/Fire       ####....     2%          3    #......
 Animate Skeleton         Necr           N/A          10%         1    None
 Apportation              Tloc           #.....       10%         1    None
 Summon Small Mammal      Summ           #...         10%         1    None
 Force Lance              Conj/Tloc      ####....     10%         4    ###....
 Fireball                 Conj/Fire      ####......   19%         5    #####..


Dungeon Overview and Level Annotations

Branches:
Dungeon (10/15)            Temple (1/1) D:4            Lair (4/6) D:8
 Spider (0/4) Lair:3
  Swamp: Lair:2-4    Shoals: Lair:2-4       Orc: D:9-12

Altars:
Ashenzari
Cheibriados
Dithmenos
Elyvilon
Fedhas
Gozag
Hepliaklqana
Kikubaaqudgha
Makhleb
Nemelex Xobeh
Okawaru
Qazlal
Ru
Sif Muna
Trog
Uskayaw
Vehumet
Wu Jian
Xom
Yredelemnul
Zin
The Shining One

Annotations:
D:9 2 transporters, TrebMcFLY's ghost, novice DEFE
D:10 2 transporters, Okhaekh's ghost, novice FoEE
Lair:3 1 runed translucent door


Innate Abilities, Weirdness & Mutations

You can breathe blasts of fire.
Your fiery red scales are hard. (AC +8)
You cannot fit into any form of body armour.
Your flesh is heat resistant. (rF+)
You are cold-blooded and may be slowed by cold attacks.
Your life essence is reduced to manifest your ancestor. (-10% HP)


Message History

* * * LOW HITPOINT WARNING * * *
You are more poisoned.
The spiny frog poisons you!
Cuetlachtli closely misses the spiny frog.
Unknown command.
Okay, then.
You are confused.
You feel invigorated.
* * * LOW HITPOINT WARNING * * *
You feel very sick.
The spiny frog burns!
The spiny frog misses you.
The dream sheep shake their wool and sparkle.
You feel drowsy...
You fall asleep.
The dream sheep barely misses you.
Cuetlachtli hits the spiny frog with a +0 flail.
The dream sheep barely misses you.
* * * LOW HITPOINT WARNING * * *
You feel very sick.
The spiny frog burns!
The spiny frog stings you!!
You die...

#.YY.#
##...#
###....#
#....#
##Y.##
###..##
#...##
##.YY.# .
##..F@## ..
##..R### ...
###....#
....#.#...##
.....#...##
....#....#
........##
#...##...###
... #.P...#


You could see the friendly Cuetlachtli the knight, a spiny frog (burning) and 3
dream sheep.

Vanquished Creatures
  3 hydras
  A torpor snail (Lair:3)
  4 black mambas
  10 spiny frogs
  2 rime drakes (Lair:1)
  A komodo dragon (Lair:3)
  A polar bear (Lair:3)
  A troll (D:10)
  2 hornets
  4 dream sheep (Lair:4)
  2 hippogriffs
  A wyvern (Lair:3)
  5 yaks
  A basilisk (Lair:2)
  Menkaure (D:5)
  4 water moccasins
  3 porcupines
  2 sky beasts
  3 ice beasts
  2 orc warriors
  2 black bears
  A hornet zombie (D:8)
  6 ogres
  A phantom (D:9)
  10 centaurs
  4 crocodiles
  9 bullfrogs
  3 big kobolds
  A wyvern zombie (D:6)
  A wyvern skeleton (D:10)
  22 killer bees (Lair:1)
  5 wights (D:7)
  A crimson imp (D:9)
  A quasit (D:7)
  2 centaur zombies (D:8)
  5 bullfrog skeletons
  2 orc priests
  4 hounds
  A worker ant (D:7)
  2 ancestors
  An iguana (D:8)
  4 orc wizards
  3 hound zombies
  A hound skeleton (D:6)
  2 worker ant zombies
  15 gnolls
  12 adders
  2 oozes
  A dart slug (D:1)
  8 leopard geckos
  20 orcs
  3 giant cockroaches
  3 hobgoblins
  3 jackals (D:7)
  26 kobolds
  4 quokkas
  4 ball pythons
  14 bats
  4 frilled lizards
  7 goblins
  A jackal zombie (D:7)
  A quokka skeleton (D:6)
  14 rats
  A bush (D:9)
  A fungus (Lair:4)
291 creatures vanquished.

Vanquished Creatures (collateral kills)
  An orb spider (Lair:3)
  A komodo dragon (Lair:1)
  A troll (D:9)
  A queen bee (Lair:1)
  A hippogriff (Lair:2)
  3 yaks (Lair:3)
  2 water moccasins (Lair:3)
  A porcupine (Lair:2)
  A centaur (D:10)
  A big kobold (D:10)
  A bullfrog (Lair:4)
  A killer bee (Lair:1)
  A crimson imp (D:10)
  2 orc wizards (D:10)
  An orc (D:10)
  5 kobolds
  A plant (Lair:2)
25 creatures vanquished.

Vanquished Creatures (others)
  A big kobold (D:7)
  A knight (Lair:4)
  7 ancestors
  A frilled lizard (D:2)
  44 fulminant prisms
  2 fungi (Lair:1)
  7 plants
  12 toadstools (Lair:3)
75 creatures vanquished.

Grand Total: 391 creatures vanquished

Notes
Turn   | Place    | Note
-------+----------+-------------------------------------------
     0 | D:1      | Mesmaeker13 the Draconian Conjurer began the quest for the
                  | Orb.
     0 | D:1      | Reached XP level 1. HP: 14/14 MP: 3/3
   240 | D:1      | Reached XP level 2. HP: 20/20 MP: 3/5
  1057 | D:1      | Learned a level 2 spell: Searing Ray
  1067 | D:2      | Reached XP level 3. HP: 25/26 MP: 6/6
  1268 | D:2      | Found a white marble altar of Elyvilon.
  1818 | D:3      | Found a bloodstained altar of Trog.
  1820 | D:3      | Found a sparkling altar of Nemelex Xobeh.
  2152 | D:3      | Reached XP level 4. HP: 33/33 MP: 8/8
  2671 | D:3      | You fall into a shaft and drop 2 floors!
  2671 | D:5      | Entered Level 5 of the Dungeon
  2687 | D:5      | Learned a level 3 spell: Dazzling Spray
  2729 | D:5      | Noticed an ice beast
  3042 | D:4      | Reached XP level 5. HP: 38/38 MP: 9/9
  3171 | D:3      | Reached skill level 5 in Conjurations
  3497 | D:4      | Reached skill level 1 in Hexes
  3511 | D:4      | Reached XP level 6. HP: 40/45 MP: 11/11
  3811 | D:3      | Found an opulent altar of Gozag.
  3834 | D:4      | Found a staircase to the Ecumenical Temple.
  3845 | Temple   | Entered the Ecumenical Temple
  4246 | D:5      | Killed an ice beast
  4658 | D:5      | Your scales start taking on a fiery red colour.
  4658 | D:5      | Reached XP level 7. HP: 50/50 MP: 13/13
  4658 | D:5      | Gained mutation: Your flesh is heat resistant. (rF+) [Red
                  | Draconian growth]
  4895 | D:5      | Noticed Menkaure
  4896 | D:5      | Killed Menkaure
  5089 | D:6      | Reached skill level 6 in Conjurations
  5363 | D:6      | Reached XP level 8. HP: 57/57 MP: 15/15
  5711 | D:7      | Reached skill level 5 in Spellcasting
  5781 | D:7      | Reached skill level 5 in Dodging
  5802 | D:7      | Reached skill level 1 in Shields
  6797 | D:7      | Reached skill level 7 in Conjurations
  6946 | D:7      | Reached XP level 9. HP: 58/62 MP: 17/17
  6957 | D:7      | Learned a level 4 spell: Fulminant Prism
  7692 | D:8      | Found a staircase to the Lair.
  8723 | D:8      | Reached skill level 5 in Hexes
  9136 | D:9      | Reached skill level 8 in Conjurations
  9188 | D:9      | Reached XP level 10. HP: 48/69 MP: 16/20
  9484 | D:9      | Found a sacrificial altar of Ru.
  9492 | D:9      | Found a hazy altar of Hepliaklqana.
  9586 | D:9      | Found a shimmering altar of Xom.
  9590 | D:9      | Became a worshipper of Hepliaklqana the Forgotten
  9666 | D:9      | Found a transporter.
  9671 | D:9      | Noticed TrebMcFLY's ghost (novice DEFE)
  9673 | D:9      | Noticed a manticore
  9674 | D:9      | Noticed a wolf spider
  9677 | D:9      | Noticed a moth of wrath
  9693 | D:9      | Found a transporter.
 10108 | D:10     | Entered Level 10 of the Dungeon
 10139 | D:10     | Paralysed by a hornet for 3 turns
 10577 | D:10     | Found a transporter.
 10700 | D:10     | Found a transporter.
 10700 | D:10     | Noticed Okhaekh's ghost (novice FoEE)
 10700 | D:10     | Noticed a skeletal warrior
 11044 | D:10     | Reached skill level 9 in Conjurations
 11248 | D:10     | Reached * piety under Hepliaklqana
 11717 | Lair:1   | Entered Level 1 of the Lair of Beasts
 11742 | Lair:1   | Got a translucent cloak
 11748 | Lair:1   | Identified the +0 cloak "Taukour" {+Fly rN+} (You found it
                  | on level 1 of the Lair of Beasts)
 11935 | Lair:1   | Noticed a spiny frog
 11936 | Lair:1   | Noticed a spiny frog
 11936 | Lair:1   | Noticed a black mamba
 11938 | Lair:1   | Noticed a spiny frog
 11954 | Lair:1   | Killed a spiny frog
 11956 | Lair:1   | Killed a spiny frog
 11961 | Lair:1   | Killed a spiny frog
 12288 | Lair:1   | Noticed a spiny frog
 12295 | Lair:1   | Killed a spiny frog
 12295 | Lair:1   | Reached XP level 11. HP: 64/66 MP: 21/21
 13104 | Lair:1   | Reached skill level 10 in Conjurations
 13555 | Lair:1   | Reached ** piety under Hepliaklqana
 13556 | Lair:1   | Noticed a six-headed hydra
 13567 | Lair:1   | Killed a six-headed hydra
 13621 | Lair:1   | Got an iridescent hand axe
 13704 | Lair:1   | Identified the +6 hand axe "Apheot" {holy, rF+ Dex+3} (You
                  | found it on level 1 of the Lair of Beasts)
 13746 | Lair:2   | Noticed a five-headed hydra
 14188 | Lair:2   | Killed a five-headed hydra
 14257 | Lair:2   | Remembered your ancestor Cuetlachtli as a knight
 15433 | Lair:3   | Reached skill level 11 in Conjurations
 15434 | Lair:3   | Noticed a catoblepas
 15451 | Lair:3   | Reached *** piety under Hepliaklqana
 15494 | Lair:3   | Killed a black mamba
 15665 | Lair:3   | Reached XP level 12. HP: 72/72 MP: 22/22
 15955 | Lair:3   | Found a hole to the Spider Nest.
 16026 | Lair:3   | Found a runed translucent door.
 16321 | Lair:3   | Noticed a dire elephant
 16321 | Lair:3   | Noticed a catoblepas
 16343 | Lair:3   | Found a runed translucent door.
 16651 | Lair:3   | Noticed a seven-headed hydra
 16660 | Lair:3   | Killed a seven-headed hydra
 16660 | Lair:3   | Reached skill level 10 in Dodging
 16693 | Lair:3   | Learned a level 4 spell: Sticky Flame
 16822 | Lair:4   | Reached skill level 1 in Fire Magic
 16878 | Lair:4   | Annihilated by a spiny frog

Levels and vault maps discovered:
D:1:      dpeg_arrival_ratfight, layout_loops_cross, serial_glass,
          glass_columns_c, glass_columns_a, glass_columns_c, glass_columns_c,
          minmay_strange_pillars, due_unseen_surprise
D:2:      layout_loops_cross, first_ration, elyvilon_altar_4
D:3:      layout_rooms, nicolae_overflow_hidden_temple, minmay_vboxes
D:4:      layout_basic, minmay_temple_entry_arrows, grunt_ministairs_10
D:5:      layout_cave_pods, uniq_menkaure
D:6:      layout_rooms
D:7:      layout_loops_cross
D:8:      layout_basic, dpeg_oklobed_lair
D:9:      layout_cave_pods, gammafunk_temple_overflow_forgotten,
          gammafunk_ghost_berserking_beasts
D:10:     layout_irregular_city, gammafunk_ghost_mausoleum, grunt_ogre_cave,
          centaur_isle
Temple:   regret_index_temple_sphere_string
Lair:1:   cheibrodos_lair_river_kwai, layout_loops_ring, portal_ice_cave_rime,
          special_room [special_room_bee]
Lair:2:   layout_hall_layers
Lair:3:   gammafunk_lair_enchanted_lake, layout_hall_layers,
          nicolae_spider_entry_orb_guardian, pf_torpor_hydra,
          lemuel_fruit_fields, serial_bayou_shore_b
Lair:4:   layout_cave_pods, skrybe_swamp_entry_bodies,
          infiniplex_staircase_pool_2

Skill      XL: |  1  2  3  4  5  6  7  8  9 10 11 12 |
---------------+-------------------------------------+-----
Dodging        | 2 3 4 5 6 8 9 10 | 10.2
Spellcasting   | 3 4 5 6 7 |  7.0
Conjurations   | 5 6 7 8 9 11 | 11.5
Hexes          | 1 2 3 4 5 7 9 |  9.6
Shields        | 2 4 |  4.0
Fire Magic     | 1 |  1.8
Stealth        | |  1.7

Action                   |  1- 3 |  4- 6 |  7- 9 | 10-12 || total
-------------------------+-------+-------+-------+-------++-------
Melee: Tailslap          |     1 |       |     8 |    13 ||    22
       Unarmed           |     1 |       |       |       ||     1
       Hand axe          |       |     1 |    32 |    16 ||    49
       Falchion          |       |       |    37 |    55 ||    92
 Cast: Magic Dart        |    97 |    80 |    86 |   122 ||   385
       Searing Ray       |       |    17 |    38 |    48 ||   103
       Fulminant Prism   |       |       |     3 |    41 ||    44
       Dazzling Spray    |       |       |       |     4 ||     4
       Sticky Flame      |       |       |       |     2 ||     2
Invok: Recall Ancestor   |       |       |       |     1 ||     1
       Ancestor Life: Kn |       |       |       |     1 ||     1
 Abil: Breathe Fire      |       |       |    18 |    12 ||    30
Evoke: Wand              |       |     5 |     9 |    37 ||    51
  Use: Scroll            |     2 |     4 |     3 |     6 ||    15
       Potion            |       |       |       |    16 ||    16
 Stab: Paralysed         |       |       |     8 |     1 ||     9
       Sleeping          |       |       |     1 |       ||     1
       Confused          |       |       |       |     1 ||     1
  Eat: Chunk             |     5 |     5 |    14 |     7 ||    31
       Ration            |       |     1 |     1 |     7 ||     9
Armor: Skin              |     8 |    11 |    56 |    74 ||   149
Dodge: Dodged            |    13 |    32 |   101 |   179 ||   325
Block: Buckler           |       |       |    21 |    61 ||    82
       Rpst.: Falchion   |       |       |    17 |    25 ||    42
